AoeStats
← WTP Deus

Four Lakes

510002178Analyzed
1v1 RM · 3d ago on Sep 29, 2026· 26m 52s· 2 players
Game mode
Random Map
Map size
Tiny (2 player)
Population
200
Speed
Normal
Resources
Standard
Victory
Conquest
Starting age
Dark Age
Ending age
Imperial Age
RankedLock teamsTeams togetherTeam positionsShared explorationLock speedFull tech treeHidden civsTurbo modeCheats
Victory
Defeat
🇺🇸 Huns · United States
804
+15
🇪🇸 Mongols · Spain
780
-38
WTP Deus
12:31 Feudal Age
12:35 Loom
12:57 Double-Bit Axe
12:53 Horse Collar
13:05 Gold Mining
14:10 Wheelbarrow
17:16 Forging
17:07 Scale Mail Armor
17:09 Padded Archer Armor
17:00 Fletching
17:16 Scale Barding Armor
21:08 Castle Age
25:24 Town Watch
Sanjo
8:32 Loom
13:55 Feudal Age
15:01 Fishing Lines
15:12 Double-Bit Axe
15:47 Gold Mining
17:32 Man-at-Arms
20:40 Bloodlines
22:50 Castle Age
21:24 Fletching
24:20 Stone Mining
27:23 Wheelbarrow
Connection lost

Rejoining the realm…

Still unreachable

The connection could not be restored.

Session expired

The server has moved on; the page needs a fresh start.